 Dungeon Crawl Stone Soup version 0.30.1-4-g462c640d31 (webtiles) character file.

Game seed: 16954350116344549345

23 Bobit the Conjurer (level 3, -2/24 HPs)
             Began as a Human Conjurer on Aug 11, 2023.
             Slain by a gnoll
             ... wielding a +0 spear
              (5 damage)
             ... on level 2 of the Dungeon.
             The game lasted 00:04:47 (675 turns).

Bobit the Conjurer (Human Conjurer)                  Turns: 675, Time: 00:04:48

Health: -2/24      AC:  2    Str:  7    XL:     3   Next: 10%
Magic:  0/7        EV: 12    Int: 20    God:
Gold:   47         SH:  0    Dex: 11    Spells: 6/7 levels left

rFire   . . .        (no weapon)
rCold   + . .        (no shield)
rNeg    . . .        a - +0 robe
rPois   .            (no helmet)
rElec   .            (no cloak)
rCorr   .            (no gloves)
SInv    .            (no boots)
Will    .....        (no amulet)
Stlth   ++           (no ring)
HPRegen 0.24/turn    (no ring)
MPRegen 0.10/turn

%: no passive effects
@: very slightly contaminated
A: cold resistance 1, MP-powered wands
a: no special abilities


You were on level 2 of the Dungeon.
You visited 1 branch of the dungeon, and saw 2 of its levels.

You collected 47 gold pieces.

Inventory:

Armour
 a - a +0 robe (worn)
 f - a +0 robe
Jewellery
 c - a ring of willpower
Scrolls
 g - a scroll of amnesia
Potions
 b - a potion of magic
 d - a potion of mutation


   Skills:
 - Level 2.0 Dodging
 - Level 2.0 Stealth
 * Level 2.6 Spellcasting
 + Level 4.4 Conjurations


You had 6 spell levels left.
You knew the following spells:

 Your Spells              Type           Power      Damage    Failure   Level
a - Magic Dart            Conj           80%        1d7       2%          1

Your spell library contained the following spells:

 Spells                   Type           Power      Damage    Failure   Level
 Searing Ray              Conj           40%        2d5       3%          2
 Dazzling Flash           Conj/Hex       22%        N/A       19%         3
 Fulminant Prism          Conj/Hex       5%         3d7       52%         4
 Iskenderun's Mystic Bla  Conj/Tloc      11%        2d4       52%         4


Dungeon Overview and Level Annotations

Branches:
Dungeon (1/15)

Altars:


Innate Abilities, Weirdness & Mutations

Your flesh is cold resistant. (rC+)
You expend magic power (3 MP) to strengthen your wands.


Message History

The giant cockroach bites you.
* * * LOW HITPOINT WARNING * * *
Casting: Magic Dart (safe; 2% risk of failure)
Confirm with . or Enter, or press ? or * to list all spells.
Aiming: Magic Dart (safe; 2% risk of failure)
Press: ? - help, Shift-Dir - straight line, f - giant cockroach
Aim: a giant cockroach (100% to hit)
You miscast Magic Dart.
Nothing appears to happen.
The giant cockroach misses you. The giant cockroach closely misses you.
The ball python attacks as you move away!
The ball python closely misses you. The ball python barely misses you.
The ball python attacks as you move away!
The ball python barely misses you.
Casting: Magic Dart (safe; 2% risk of failure)
Confirm with . or Enter, or press ? or * to list all spells.
Aiming: Magic Dart (safe; 2% risk of failure)
Press: ? - help, Shift-Dir - straight line, f/p - giant cockroach
Aim: a giant cockroach (100% to hit)
You miscast Magic Dart.
Nothing appears to happen.
The ball python barely misses you. The ball python completely misses you.
The ball python closely misses you. The ball python misses you.
Casting: Magic Dart (safe; 2% risk of failure)
Confirm with . or Enter, or press ? or * to list all spells.
Aiming: Magic Dart (safe; 2% risk of failure)
Press: ? - help, Shift-Dir - straight line, f/p - giant cockroach
Aim: a giant cockroach (100% to hit)
The magic dart hits the ball python.
You kill the ball python!
The giant cockroach closely misses you.
Casting: Magic Dart (safe; 2% risk of failure)
Confirm with . or Enter, or press ? or * to list all spells.
Aiming: Magic Dart (safe; 2% risk of failure)
Press: ? - help, Shift-Dir - straight line, f/p - giant cockroach
Aim: a giant cockroach (100% to hit)
The magic dart hits the giant cockroach.
The giant cockroach is heavily wounded.
The giant cockroach closely misses you.
The gnoll hits you from afar with a +0 spear.
You die...

#.# # #.####g####
#.#...g....
###.#.# ..#.#.##.#
.........# #
..###########.####
### #.......#
######## # #...@##
#......#
#.##.###B#
#...<..# #.... #g#
#......#
#..#.###g#
#......#
#....†...#
#......#
##.##.##.#
#......# #.......#
#......# ####S####
.....### #g#


You could see 2 gnolls and a giant cockroach.

Vanquished Creatures
  A gnoll (D:2)
  2 bats
  3 goblins
  A hobgoblin (D:2)
  2 ball pythons (D:2)
  A frilled lizard (D:2)
  A kobold (D:2)
  3 rats (D:2)
14 creatures vanquished.

Notes
Turn   | Place    | Note
-------+----------+-------------------------------------------
     0 | D:1      | Bobit the Human Conjurer began the quest for the Orb.
     0 | D:1      | Reached XP level 1. HP: 13/13 MP: 3/3
    49 | D:1      | You fall into a shaft and drop 1 floor!
   351 | D:2      | Reached XP level 2. HP: 16/19 MP: 0/5
   627 | D:2      | Reached XP level 3. HP: 17/24 MP: 1/6
   662 | D:2      | Gained mutation: Your flesh is cold resistant. (rC+)
                  | [potion of mutation]
   662 | D:2      | Gained mutation: You expend magic power (3 MP) to
                  | strengthen your wands. [potion of mutation]
   667 | D:2      | HP: 1/24 [giant cockroach (1)]
   675 | D:2      | Slain by a gnoll

Illustrated notes

Levels and vault maps discovered:
D:1:      dpeg_arrival_simpleton_c, layout_loops_ring,
          ebering_ecumenical_altar_box, serial_shops, shop, st_stairs_12,
          minmay_pentomino_p4
D:2:      layout_loops_cross, wad_floor_pattern_1

Action                     || total
---------------------------++-------
  Melee: Unarmed           ||     8
   Cast: Magic Dart        ||    26
    Use: Potion            ||     2
         Scroll            ||     1
 Armour: Robe              ||     6
  Dodge: Dodged            ||    34
